 Dungeon Crawl Stone Soup version 0.16-a0-4002-g2d13b8e (webtiles) character file.

176 PolkaDot the Sneak (level 5, 0/38 HPs)
             Began as a Vampire Summoner on Feb 14, 2015.
             Slain by a gnoll (5 damage)
             ... on level 4 of the Dungeon.
             The game lasted 00:09:14 (3815 turns).

PolkaDot the Sneak (Vampire Summoner)               Turns: 3815, Time: 00:09:14

Health: 0/38       AC:  3    Str:  7    XL:     5   Next: 30%
Magic:  9/9        EV:  6    Int: 21    God:
Gold:   162        SH:  0    Dex: 14    Spells: 2 memorised, 3 levels left

rFire  . . .     SeeInvis +     t - +3 quarterstaff (chaos)
rCold  + . .     Clarity  .     a - +0 robe
rNeg   . . .     SustAb   .     (no shield)
rPois  .         Gourm    .     (no helmet)
rElec  .         Spirit   .     u - +0 cloak
rCorr  .         Warding  .     (no gloves)
rMut   .         Stasis   .     (no boots)
MR     .....                    (no amulet)
Stlth  +++.......               l - +3 ring of intelligence
                                i - ring of protection from cold

@: held, regenerating very quickly, not resistant to hostile enchantments,
fairly stealthy
A: bottle blood, fangs 3, see invisible, unbreathing
a: no special abilities


You were on level 4 of the Dungeon.
You were almost alive.

You visited 2 branches of the dungeon, and saw 5 of its levels.

You collected 162 gold pieces.

Inventory:

Hand weapons
 t - a +3 quarterstaff of chaos (weapon)
Missiles
 n - 2 throwing nets (quivered)
Armour
 a - a +0 robe (worn)
 u - a +0 cloak (worn)
Jewellery
 i - a ring of protection from cold (left hand)
 l - a +3 ring of intelligence (right hand)
Magical devices
 f - a wand of digging (9)
 k - a wand of slowing (12)
 s - a wand of flame (26)
Scrolls
 c - a scroll of amnesia
 d - 2 scrolls of remove curse
 e - a scroll of enchant armour
 g - a scroll of identify
 m - a scroll of enchant weapon
 o - a scroll of teleportation
 q - a scroll of fear
 r - a scroll of recharging
Potions
 j - a potion of flight
Books
 b - a book of Callings

   Spells                             Type                      Level
   a - Summon Small Mammal            Summoning                    1
   b - Call Imp                       Summoning                    2
   c - Call Canine Familiar           Summoning                    3
   d - Summon Guardian Golem          Hexes/Summoning              4
   e - Summon Lightning Spire         Summoning/Air                4
   f - Summon Ice Beast               Ice/Summoning                4


   Skills:
 + Level 2.2 Fighting
   Level 2.1 Short Blades
 * Level 0.7 Staves
 - Level 2.1 Dodging
 - Level 4.8 Stealth
 - Level 2.0 Spellcasting
 + Level 4.7 Summonings


You had 3 spell levels left.
You knew the following spells:

 Your Spells              Type           Power        Failure   Level  Hunger
d - Call Canine Familiar  Summ           ###.....     10%         3    ###....
s - Call Imp              Summ           ###.....     3%          2    ##.....


Dungeon Overview and Level Annotations

Branches:
Dungeon (4/15)             Temple (1/1) D:4

Altars:
Ashenzari
Cheibriados
Dithmenos
Elyvilon
Gozag
Makhleb
Nemelex Xobeh
Ru
Trog
Vehumet
Xom
Yredelemnul
Zin
The Shining One


Innate Abilities, Weirdness & Mutations

Your natural rate of healing is extremely fast.
You can bottle blood from corpses.
You have razor-sharp teeth.
You have supernaturally acute eyesight.
You can survive without breathing.


Message History

The gnoll is lightly wounded.
The gnoll closely misses you.
Drink which item? (? for menu, Esc to quit)
Okay, then.
Unknown command.
Drink which item? (? for menu, Esc to quit)
Yummy - fresh blood!
The gnoll misses you.
You barely miss the gnoll. You bite the gnoll, but do no damage.
The gnoll is lightly wounded.
The gnoll hits you. The ogre hits you with a giant club.
A bat comes into view.
The gnoll throws a throwing net.
The throwing net hits you.
You become entangled in the net!
You see here a throwing net.
You try to slip out of the net.
You try to slip out of the net.
The ogre hits you with a giant club!!
Ouch! That really hurt!
* * * LOW HITPOINT WARNING * * *
The gnoll hits you.
You die...

#.# . .##.##### ...
....... .... ......
..... .g.#
.###...##S.######
......gg.aZ.......
.......##gO###### .
b#.##.##.@#######..# .
#................ .
#..#####รท##.##.# ##.
#... #.##.##.# ... ....
#..#.##.# #.# ...
#..#.##.# #.# #
.#####..#.##.# #.#
>#...........##.#####.#
..#.###.................


You could see an ogre, a worker ant, 3 gnolls, an adder and a hound skeleton.

Vanquished Creatures
  An iguana (D:4)
  An adder (D:3)
  A worm (D:2)
  3 giant geckos
  4 orcs
  6 bats
  3 giant cockroaches
  7 goblins
  5 hobgoblins
  2 quokkas (D:3)
  2 ball pythons (D:2)
  4 giant newts
  7 kobolds
  10 rats
56 creatures vanquished.

Vanquished Creatures (collateral kills)
  Crazy Yiuf (D:3)
  5 gnolls
  2 adders
  A worm (D:3)
  A goblin (D:2)
  A hobgoblin (D:3)
  4 jackals (D:2)
  2 kobolds
  A bat (D:2)
18 creatures vanquished.

Vanquished Creatures (others)
  A white imp (D:3)
  A bat (D:2)
2 creatures vanquished.

Grand Total: 76 creatures vanquished

Notes
Turn   | Place    | Note
--------------------------------------------------------------
     0 | D:1      | PolkaDot, the Vampire Summoner, began the quest for the Orb.
     0 | D:1      | Reached XP level 1. HP: 13/13 MP: 3/3
   470 | D:1      | Reached skill level 1 in Fighting
   568 | D:1      | Reached XP level 2. HP: 16/21 MP: 4/4
  1005 | D:2      | Reached XP level 3. HP: 17/27 MP: 1/6
  1009 | D:2      | Learned a level 2 spell: Call Imp
  1013 | D:2      | Learned a level 3 spell: Call Canine Familiar
  1086 | D:2      | Found a radiant altar of Vehumet.
  1519 | D:2      | Found a snail-covered altar of Cheibriados.
  1988 | D:3      | Reached skill level 1 in Short Blades
  2504 | D:3      | Reached XP level 4. HP: 33/33 MP: 7/7
  3284 | D:3      | Noticed Crazy Yiuf
  3312 | D:3      | Killed Crazy Yiuf
  3312 | D:3      | Reached XP level 5. HP: 26/38 MP: 0/9
  3503 | D:4      | Found a staircase to the Ecumenical Temple.
  3515 | Temple   | Entered the Ecumenical Temple
  3807 | D:4      | Noticed an ogre
  3815 | D:4      | Slain by a gnoll

Action                   |  1- 3 |  4- 6 || total
-------------------------+-------+-------++-------
Melee: Short sword       |   140 |    67 ||   207
       Unarmed           |     7 |       ||     7
       Quarterstaff      |       |    21 ||    21
Throw: Throwing net      |       |     1 ||     1
 Cast: Summon Small Mamm |     7 |       ||     7
       Call Canine Famil |     2 |     2 ||     4
       Call Imp          |     1 |     7 ||     8
  Use: Potion            |     5 |     5 ||    10
       Scroll            |     2 |    10 ||    12
 Stab: Sleeping          |     5 |     3 ||     8
       Distracted        |     1 |     1 ||     2
       Held in net/web   |       |     1 ||     1
  Eat: Corpse            |    12 |    10 ||    22
